 Dungeon Crawl Stone Soup version 0.28.0-43-g3370ac3207 (webtiles) character file.

Game seed: 2302062877370406854

9600 fknight the Cleaver (level 11, -12/101 HPs)
             Began as a Hill Orc Monk on Mar 1, 2022.
             Was an Elder of Beogh.
             Mangled by a skeletal warrior
             ... wielding a +0 halberd
              (20 damage)
             ... on level 11 of the Dungeon.
             The game lasted 00:52:37 (13083 turns).

fknight the Cleaver (Hill Orc Monk)                Turns: 13083, Time: 00:52:38

Health: -12/101    AC: 17    Str: 25    XL:     11   Next: 49%
Magic:  15/15      EV: 11    Int: 10    God:    Beogh [****..]
Gold:   592        SH:  0    Dex: 21    Spells: 10/10 levels left

rFire   . . .      SeeInvis .   Y - +5 hand axe of Vef Rearph {vorpal, rC+ rN+ Stlth+}
rCold   + . .      Faith    .   (no shield)
rNeg    + . .      Spirit   .   E - +0 plate armour
rPois   +          Reflect  .   h - +0 helmet
rElec   .          Harm     .   y - +0 cloak
rCorr   .          Rampage  .   x - +1 pair of gloves
Will    .....                   o - +2 pair of boots
Stlth   +.........              e - amulet of magic regeneration
HPRegen 0.26/turn               n - +6 ring of strength
MPRegen 0.54/turn               G - ring "Jadeg" {Fly rPois Dex+8}

@: flying, slowed, studying Short Blades, very slow
A: no striking features
a: Renounce Religion, Smiting, Recall Orcish Followers


You were on level 11 of the Dungeon.
You worshipped Beogh.
Beogh was greatly pleased with you.
You visited 1 branch of the dungeon, and saw 11 of its levels.

You collected 592 gold pieces.

Inventory:

Hand Weapons
 a - a +0 trident
 d - a +0 hunting sling
 i - a +0 hand crossbow
 r - a +2 vampiric hand axe
 s - a +0 dagger of freezing
 A - the +7 staff of the Meek {protect, meekguard}
   (You found it on level 4 of the Dungeon)

   It grants its wielder temporary protection when it strikes (+7 to AC).
   It provides extra protection to wielders with little health.
 C - a +0 vorpal shortbow
 F - a +2 falchion of electrocution
 P - a +0 trident
 T - a +0 shortbow
 U - a +0 dagger of protection
 Y - the +5 hand axe of Vef Rearph (weapon) {vorpal, rC+ rN+ Stlth+}
   (You found it on level 8 of the Dungeon)

   It inflicts extra damage upon your enemies.
   rC:        It protects you from cold.
   rN:        It protects you from negative energy.
   Stlth:     It makes you more stealthy.
Missiles
 j - 160 stones
 k - 167 arrows
 l - 21 poisoned darts (quivered)
 m - 5 datura-tipped darts
 q - 94 bolts
 t - a throwing net
 v - 75 sling bullets
 V - 3 curare-tipped darts
Armour
 c - a +1 chain mail of willpower
 h - a +0 helmet (worn)
 o - a +2 pair of boots (worn)
 x - a +1 pair of gloves (worn)
 y - a +0 cloak (worn)
 E - a +0 plate armour (worn)
 I - a scarf of invisibility
 L - a +1 pair of gloves
 R - a scarf of invisibility
 Z - +0 acid dragon scales
Jewellery
 e - an amulet of magic regeneration (around neck)
 n - a +6 ring of strength (left hand)
 B - a +6 ring of strength
 G - the ring "Jadeg" (right hand) {Fly rPois Dex+8}
   (You acquired it on level 8 of the Dungeon)

   [ring of flight]

   Dex:       It affects your dexterity (+8).
   rPois:     It protects you from poison.
   Fly:       It grants you flight.
 N - a +4 ring of evasion
 O - a ring of magical power
Wands
 w - a wand of flame (50)
 X - a wand of iceblast (9)
Scrolls
 b - a scroll of enchant weapon {unknown}
 D - a scroll of fear
 H - a scroll of blinking
 J - 5 scrolls of teleportation
 W - a scroll of immolation
Potions
 f - 2 potions of lignification
 g - a potion of curing
 u - 2 potions of ambrosia
 z - a potion of haste
 K - 2 potions of brilliance
 M - a potion of cancellation
 Q - a potion of attraction {unknown}
 S - a potion of mutation {unknown}
Miscellaneous
 p - a piece from Xom's chessboard (15/15)


   Skills:
 + Level 10.9 Fighting
 + Level 11.9 Axes
 + Level 7.6 Dodging
 + Level 8.1 Stealth
 + Level 5.5 Invocations


You had 10 spell levels left.
You didn't know any spells.
Your spell library contained the following spells:

 Spells                   Type           Power      Damage    Failure   Level
 Animate Skeleton         Necr           0%         N/A       100%        1
 Pain                     Necr           0%         1d4       100%        1
 Sandblast                Erth           0%         2d4       100%        1
 Passwall                 Tmut/Erth      0%         N/A       100%        2
 Sublimation of Blood     Necr           0%         N/A       100%        2
 Wereblood                Tmut           0%         N/A       100%        2
 Stone Arrow              Conj/Erth      0%         3d7       100%        3
 Vampiric Draining        Necr           0%         2d6       100%        3
 Summon Hydra             Summ           0%         N/A       100%        7


Dungeon Overview and Level Annotations

Branches:
Dungeon (11/15)            Temple (0/1) D:6            Lair (0/6) D:8
    Orc (0/2) D:9

Altars:
Dithmenos
Hepliaklqana
Kikubaaqudgha
Makhleb
Okawaru
Qazlal
Uskayaw
Wu Jian
Beogh
Jiyva

Shops:
D:5 [


Message History

You slash the wraith!
The wraith is heavily damaged.
The skeletal warrior misses you. The wraith hits you.
* * * LOW HITPOINT WARNING * * *
The wraith drains your vigour!
You feel yourself slow down.
You hit the wraith.
The wraith is severely damaged.
Your orc priest hits the skeletal warrior with a +0 dagger.
The skeletal warrior hits you from afar with a +0 halberd.
* * * LOW HITPOINT WARNING * * *
The wraith barely misses you.
You barely miss the wraith.
The wraith is severely damaged.
Your orc priest barely misses the skeletal warrior.
The skeletal warrior misses you. The wraith completely misses you.
You hit the wraith.
The wraith is almost destroyed.
Your orc no longer looks unusually strong.
Your orc priest no longer looks unusually strong.
Your orc knight no longer looks unusually strong.
Your orc priest barely misses the skeletal warrior.
The boulder beetle curls into a ball and begins rolling!
Ugbert roars a battlecry!
Your orcs go into a battle-frenzy!
The skeletal warrior hits you from afar with a +0 halberd!
* * * LOW HITPOINT WARNING * * *
The wyvern hisses menacingly.
The wraith hits you but does no damage.
Your orc priest hits the skeletal warrior with a +0 dagger.
You swap places.
The boulder beetle stops rolling and uncurls.
The skeletal warrior hits you but does no damage.
The wraith hits you but does no damage.
The skeletal warrior hits you from afar with a +0 halberd!
* * * LOW HITPOINT WARNING * * *
You feel better. The wraith misses you.
Ugbert barely misses the skeletal warrior.
The boulder beetle leaps!
The skeletal warrior hits you from afar with a +0 halberd!!
You die...

## .. #. [. ###.
... ####
..####○####.....
#...(lWooz#
#..!###@### #$
#.oooo##
#....#o.##
#..##.##..###.##
....# #...........
##.####...o#######
...........oooo..#
##
########oo###....
##.# #


You could see a skeletal warrior (ally target), a wraith, a wyvern, a friendly
orc knight (strong), the friendly Ugbert the orc knight, 2 friendly orc priests
and 3 friendly orcs.

Vanquished Creatures
  Pikel (D:9)
  A cyclops (D:7)
  A manticore (D:8)
  A gargoyle (D:7)
  An unseen horror (D:11)
  2 trolls
  A shadow (D:9)
  7 yaks (D:10)
  An acid dragon (D:9)
  A sky beast (D:7)
  A black bear (D:3)
  3 ice beasts
  2 orc warriors
  3 ogres
  A wolf (D:8)
  A phantom (D:9)
  5 centaurs
  2 kobold brigands
  2 lemures (D:9)
  2 gnoll sergeants
  5 scorpions
  2 bullfrogs (D:7)
  2 water moccasin zombies
  A water moccasin skeleton (D:4)
  2 troll zombies (D:9)
  2 electric eels
  2 howler monkeys
  A gnoll shaman (D:6)
  2 jellies (D:9)
  3 centaur zombies
  2 bullfrog zombies
  6 hounds
  An orc priest (D:5)
  An iguana (D:6)
  2 scorpion zombies (D:4)
  An orc wizard (D:6)
  3 killer bee zombies
  5 ogre zombies (D:9)
  3 hound zombies (D:4)
  2 hound skeletons (D:4)
  A howler monkey zombie (D:4)
  16 gnolls
  7 adders
  2 shadow imps (D:8)
  7 adder zombies (D:4)
  2 worms
  4 dart slugs
  14 orcs
  5 bats (D:1)
  5 endoplasms
  3 giant cockroaches
  5 hobgoblins
  10 jackals
  6 quokkas
  4 ball pythons
  7 frilled lizards
  5 goblins
  2 goblin skeletons (D:9)
  4 goblin zombies (D:9)
  4 hobgoblin zombies (D:9)
  14 kobolds
  3 orc skeletons (D:9)
  9 orc zombies (D:9)
  6 rats
232 creatures vanquished.

Vanquished Creatures (collateral kills)
  A two-headed ogre (D:9)
  A harpy (shapeshifter) (D:11)
  A centaur zombie (D:10)
  A hornet (D:11)
  A wraith (D:10)
  2 yaks (D:10)
  An acid dragon (D:9)
  2 wolves (D:8)
  A bullfrog (D:8)
  An electric eel (D:8)
  2 howler monkeys (D:9)
  2 jellies (D:9)
  2 hounds (D:8)
  An orc wizard (D:10)
  An ogre zombie (D:9)
  A gnoll (D:9)
  An orc (D:4)
  An endoplasm (D:4)
  A goblin skeleton (D:9)
  2 kobolds (D:8)
  2 orc zombies (D:9)
28 creatures vanquished.

Vanquished Creatures (others)
  An orc priest (D:9)
  A gnoll (D:6)
  An orc (D:8)
  26 plants
  A withered plant (D:4)
30 creatures vanquished.

Grand Total: 290 creatures vanquished

Notes
Turn   | Place    | Note
-------+----------+-------------------------------------------
     0 | D:1      | fknight the Hill Orc Monk began the quest for the Orb.
     0 | D:1      | Reached XP level 1. HP: 19/19 MP: 1/1
   249 | D:1      | Reached XP level 2. HP: 25/27 MP: 2/2
   474 | D:1      | Reached XP level 3. HP: 22/33 MP: 3/3
  1101 | D:2      | Reached XP level 4. HP: 38/40 MP: 4/4
  1799 | D:3      | Noticed a black bear
  2132 | D:3      | Reached skill level 5 in Axes
  2132 | D:3      | Reached XP level 5. HP: 46/47 MP: 5/5
  2377 | D:3      | Killed a black bear
  2378 | D:3      | Reached skill level 5 in Fighting
  2708 | D:4      | Reached XP level 6. HP: 55/56 MP: 6/6
  3187 | D:4      | Reached skill level 6 in Axes
  3187 | D:4      | Reached XP level 7. HP: 33/61 MP: 7/7
  3786 | D:4      | Became a worshipper of Beogh the Brigand
  3786 | D:4      | Reached * piety under Beogh
  3786 | D:4      | Reached ** piety under Beogh
  3792 | D:4      | Found the +7 staff of the Meek {protect, meekguard}
  3794 | D:4      | Found a roughly hewn altar of Beogh.
  4109 | D:5      | Entered Level 5 of the Dungeon
  4136 | D:5      | Reached skill level 7 in Axes
  4136 | D:5      | Reached XP level 8. HP: 13/71 MP: 8/8
  4495 | D:5      | Found Cihuqala's Armour Boutique.
  5234 | D:6      | Found a staircase to the Ecumenical Temple.
  5418 | D:6      | Reached skill level 5 in Dodging
  5581 | D:6      | Reached skill level 8 in Axes
  5745 | D:6      | Reached skill level 5 in Stealth
  5923 | D:6      | Found a stormy altar of Qazlal.
  6066 | D:6      | Reached XP level 9. HP: 80/80 MP: 9/9
  6621 | D:7      | Noticed a gargoyle
  6644 | D:7      | Killed a gargoyle
  6788 | D:7      | Reached skill level 9 in Axes
  6795 | D:7      | Found an ornate altar of the Wu Jian Council.
  6824 | D:7      | Reached *** piety under Beogh
  7013 | D:7      | Noticed a troll
  7026 | D:7      | Killed a troll
  7781 | D:7      | Noticed a cyclops
  7795 | D:7      | Killed a cyclops
  7796 | D:7      | Reached skill level 10 in Axes
  7796 | D:7      | Reached XP level 10. HP: 44/91 MP: 10/10
  8422 | D:8      | Noticed a manticore
  8439 | D:8      | Killed a manticore
  8950 | D:8      | Identified a scroll of acquirement
  8950 | D:8      | Acquired the ring "Jadeg" {Fly rPois Dex+8}
  9071 | D:8      | Found a hide-covered altar of Uskayaw.
  9214 | D:8      | Reached skill level 1 in Invocations
  9496 | D:8      | Found a staircase to the Lair.
  9665 | D:8      | Identified the +5 hand axe of Vef Rearph {vorpal, rC+ rN+
                  | Stlth+}
  9951 | D:9      | Gained Ugbert as an ally
  9952 | D:9      | Reached **** piety under Beogh
 10005 | D:9      | Noticed a two-headed ogre
 10011 | D:9      | Killed a two-headed ogre
 10012 | D:9      | Reached skill level 10 in Fighting
 10145 | D:9      | Reached skill level 11 in Axes
 10308 | D:9      | Found a viscous altar of Jiyva.
 10349 | D:9      | Found a staircase to the Orcish Mines.
 10353 | D:9      | Noticed Pikel
 10370 | D:9      | Killed Pikel
 10376 | D:9      | Reached XP level 11. HP: 84/100 MP: 13/13
 11261 | D:10     | Entered Level 10 of the Dungeon
 11529 | D:10     | Found Qekud's Assorted Antiques.
 11598 | D:10     | Found a burning altar of Makhleb.
 11841 | D:10     | Found an iron altar of Okawaru.
 12209 | D:10     | Reached skill level 5 in Invocations
 12333 | D:10     | Found a hazy altar of Hepliaklqana.
 12393 | D:10     | Found an ancient bone altar of Kikubaaqudgha.
 12455 | D:10     | Found a shadowy altar of Dithmenos.
 13056 | D:11     | Noticed a skeletal warrior
 13057 | D:11     | Noticed a boulder beetle
 13057 | D:11     | Noticed a harpy
 13066 | D:11     | Killed a harpy
 13082 | D:11     | HP: 2/101 [skeletal warrior/+0 halberd (8)]
 13083 | D:11     | Mangled by a skeletal warrior

Illustrated notes

Levels and vault maps discovered:
D:1:      saegor_arrival_simple_e, layout_rooms, chequers_serial_rivers_small_a,
          serial_bayou_pond_d
D:2:      layout_basic
D:3:      layout_rooms, st_stairs_9
D:4:      layout_loops_corners, serial_undead, serial_undead_f, serial_undead_d,
          serial_undead_f, serial_undead_b, serial_undead_b,
          pf_guarded_unrand_meek
D:5:      layout_cave_pools, serial_shops, nicolae_shop_trees,
          chequers_serial_rivers_room_a, kennysheep_generic_room_2
D:6:      layout_cave_pods, grunt_qazlal_clouds, temple_green,
          serial_bayou_lagoon_a
D:7:      layout_rooms, pdpol_wu_jian_five_deadly_venoms
D:8:      layout_loops_ring, old_standard_altar, erik_lair_island,
          minmay_manual_moon
D:9:      layout_irregular_city, zombieorc2_lemuel, jiyva_altar_1, uniq_pikel
D:10:     layout_roguey, mainiacjoe_overflow_chevrons,
          nicolae_dithmenos_through_a_glass_darkly, okawaru_metal_pillars_1_2,
          mainiacjoe_overflow_paths, mainiacjoe_overflow_surrounded_room,
          serial_shops, shop
D:11:     minmay_the_grid_octo_tiled_octocenter_mashed
          [minmay_the_grid_octo_empty, minmay_the_grid_octo_checkerflower,
          minmay_the_grid_octo_teeth, minmay_the_grid_octo_clover,
          minmay_the_grid_octo_prize_square_snowflake,
          minmay_the_grid_square_5x5_c, minmay_the_grid_square_5x5_z,
          minmay_the_grid_square_5x5_six, minmay_the_grid_square_5x5_shrine1],
          layout_rooms, gammafunk_ghost_hive, uniq_grum

Skill      XL: |  1  2  3  4  5  6  7  8  9 10 11 |
---------------+----------------------------------+-----
Fighting       | 4 5 6 7 9 10 | 10.9
Stealth        | 2 3 4 5 6 7 8 |  8.1
Dodging        | 3 4 5 6 7 |  7.6
Axes           | 5 6 7 8 10 11 | 11.9
Invocations    | 3 5 |  5.5

Action                   |  1- 3 |  4- 6 |  7- 9 | 10-12 || total
-------------------------+-------+-------+-------+-------++-------
Melee: Hand axe          |   109 |    67 |       |   137 ||   313
       Punch             |       |     2 |       |     2 ||     4
       Broad axe         |       |    50 |    23 |       ||    73
       Quarterstaff      |       |       |   179 |    80 ||   259
 Fire: Hunting sling     |       |    66 |    41 |       ||   107
Throw: Stone             |     5 |    30 |    32 |    14 ||    81
       Dart              |       |       |    23 |     3 ||    26
Invok: Convert to Beogh  |       |       |     1 |       ||     1
  Use: Scroll            |       |     4 |     7 |     8 ||    19
       Potion            |       |       |     2 |     1 ||     3
 Stab: Distracted        |       |       |       |     1 ||     1
Armor: Robe              |    14 |       |       |       ||    14
       Ring mail         |    42 |    53 |     9 |       ||   104
       Scale mail        |       |       |   116 |       ||   116
       Plate armour      |       |       |    49 |   175 ||   224
Dodge: Dodged            |    89 |    71 |   154 |   155 ||   469
